 Dungeon Crawl Stone Soup version 0.30.0-10-gfe55d96785 (webtiles) character file.

Game seed: 3414885471043109520

0 browni3141 the Sneak (level 1, -3/9 HPs)
             Began as a Spriggan Enchanter on May 13, 2023.
             Slain by Terence
             ... wielding a +0 mace
              (7 damage)
             ... on level 2 of the Dungeon.
             The game lasted 00:04:27 (620 turns).

browni3141 the Sneak (Spriggan Enchanter)            Turns: 620, Time: 00:04:28

Health: -3/9       AC:  2    Str:  4    XL:     1   Next: 8%
Magic:  5/5        EV: 17    Int: 16    God:
Gold:   48         SH:  0    Dex: 15    Spells: 5/5 levels left

rFire   . . .        a - +1 dagger
rCold   . . .        (no shield)
rNeg    . . .        b - +0 robe
rPois   .            (helmet restricted)
rElec   .            (no cloak)
rCorr   .            (gloves unavailable)
SInv    +            (boots unavailable)
Will    .....        (no amulet)
Stlth   +++          (no ring)
HPRegen 0.21/turn    (no ring)
MPRegen 0.09/turn

%: no passive effects
@: invisible, very quick
A: very small, no large weapons, unfitting armour, see invisible, speed 3
a: no special abilities


You were on level 2 of the Dungeon.
You visited 1 branch of the dungeon, and saw 2 of its levels.

You collected 48 gold pieces.

Inventory:

Hand Weapons
 a - a +1 dagger (weapon)
 q - a +0 short sword
Armour
 b - a +0 robe (worn)
Jewellery
 p - a ring of resist corrosion
Scrolls
 k - a scroll of identify {unknown}
 l - a scroll of teleportation {unknown}
Potions
 i - a potion of invisibility
 j - a potion of attraction {unknown}
 m - 3 potions of flight {unknown}
 n - a potion of might {unknown}
 o - a potion of degeneration {unknown}


   Skills:
 - Level 1.1 Short Blades
 - Level 2.6 Dodging
 * Level 4.5 Stealth
 - Level 2.6 Spellcasting
 - Level 3.6 Hexes


You had 5 spell levels left.
You didn't know any spells.
Your spell library contained the following spells:

 Spells                   Type           Power      Damage    Failure   Level
 Confusing Touch          Hex            13%        N/A       13%         3
 Tukima's Dance           Hex            13%        N/A       13%         3
 Ensorcelled Hibernation  Hex/Ice        14%        N/A       14%         2
 Dazzling Flash           Conj/Hex       14%        N/A       28%         3
 Inner Flame              Hex/Fire       7%         N/A       28%         3
 Ozocubu's Armour         Ice            2%         N/A       50%         3
 Flame Wave               Conj/Fire      2%         2d4       88%         4
 Sticky Flame             Conj/Fire      2%         2d3       88%         4
 Ozocubu's Refrigeration  Ice            1%         4d7       100%        7


Dungeon Overview and Level Annotations

Branches:
Dungeon (2/15)

Altars:

Annotations:
D:2 exclusion: giant cockroach, Terence


Innate Abilities, Weirdness & Mutations

You are very small and have problems with some larger weapons.
You are too small for most types of armour.
You have supernaturally acute eyesight. (SInv)
You cover ground extremely quickly. (Speed+++)


Message History

The dart slug launches a dart at you. The slug dart misses you.
The bat hits you. The bat attacks as you move away! The bat closely misses you.
The dart slug launches a dart at you. The slug dart misses you.
The bat closely misses you. The bat hits you but does no damage.
The bat attacks as you move away! The bat hits you but does no damage.
The bat misses you. The bat hits you but does no damage. The bat misses you.
The bat hits you but does no damage. The bat attacks as you move away!
The bat hits you. The bat attacks as you move away!
The bat hits you but does no damage. The bat hits you.
The bat closely misses you. The bat attacks as you move away!
The bat barely misses you. x2
The bat completely misses you. The bat misses you. The bat closely misses you.
The bat hits you.
There is a stone staircase leading down here.
The bat closely misses you. x3
You climb downwards.
Found a bubbling white potion.
Found a stone staircase leading down.
There is a stone staircase leading up here.
You start resting.
HP restored.
Found a stone staircase leading down.
m - 3 bubbling white potions (gained 1)
A giant cockroach comes into view.
Press: ? - help, v - describe, . - travel
Here: a giant cockroach (asleep)
The floor.
Placed new exclusion.
You see here a +0 robe.
An endoplasm comes into view.
The endoplasm quivers.
The endoplasm freezes you.
You are frozen.
Ouch! That really hurt!
* * * LOW HITPOINT WARNING * * *
There is a stone staircase leading down here.
There is a stone staircase leading up here.
Found an escape hatch in the ceiling.
A frilled lizard comes into view.
A worm and a hobgoblin come into view.
The hobgoblin shouts!
You see here a +0 short sword.
You see here a +0 club.
There is an escape hatch in the ceiling here.
There is a stone staircase leading down here.
A giant cockroach comes into view.
You see here 13 gold pieces.
You now have 30 gold pieces (gained 13).
The endoplasm closely misses you.
You see here a white potion.
o - a white potion Really walk into a travel-excluded area?
A frilled lizard comes into view.
You see here a ring of resist corrosion.
p - a ring of resist corrosion The frilled lizard hisses angrily.
Really walk into a travel-excluded area? [Y]es or [N]o only, please.
Really walk into a travel-excluded area?
You see here a +0 short sword.
q - a +0 short sword
Found a stone staircase leading up.
There is a stone staircase leading up here.
You climb upwards.
There is a stone staircase leading down here.
A kobold comes into view. It is wielding a +0 short sword.
There is a stone staircase leading down here.
There is a stone staircase leading down here.
You climb downwards.
Level annotation: exclusion: giant cockroach
There is a stone staircase leading up here.
You now have 48 gold pieces (gained 18).
There are no items here.
Found a stone staircase leading up.
There is a stone staircase leading up here.
Terence the Incautious comes into view.
He is wielding a +0 mace.
An endoplasm comes into view.
Terence shouts!
Press: ? - help, v - describe, . - travel
Here: Terence, wielding a +0 mace and wearing a +0 ring mail The floor.
Okay, then.
You fade into invisibility!
You hit Terence.
Terence is lightly wounded.
Terence hits you with a +0 mace.
Ouch! That really hurt!
* * * LOW HITPOINT WARNING * * *
You hit Terence but do no damage.
Terence is lightly wounded.
Terence barely misses you.
You hit Terence.
Terence is lightly wounded.
You hit Terence but do no damage.
Terence is lightly wounded.
Terence hits you with a +0 mace!
Ouch! That really hurt!
You die...

#.#
#.............##.#
# #.#
###...<..........#
## #.#
#.############## #.
...# #. ##### #. ##
# ########## #
##########.....@@.#
#
J..........######<#
# ############
#.###############
#................
#################


You could see Terence (unable to see you).

Vanquished Creatures
  A rat (D:1)
1 creature vanquished.

Notes
Turn   | Place    | Note
-------+----------+-------------------------------------------
     0 | D:1      | browni3141 the Spriggan Enchanter began the quest for the
                  | Orb.
     0 | D:1      | Reached XP level 1. HP: 9/9 MP: 5/5
   596 | D:2      | Noticed Terence
   620 | D:2      | Slain by Terence

Illustrated notes

Levels and vault maps discovered:
D:1:      psy_arrival_conway, layout_rooms,
          shapermc_ecumenical_altar_flowoftime, minmay_tree_intersection,
          minmay_tetromino_t2
D:2:      layout_loops_ring, uniq_terence

Action                     || total
---------------------------++-------
  Melee: Dagger            ||     8
    Use: Potion            ||     1
 Armour: Robe              ||    33
  Dodge: Dodged            ||   141
